 Dungeon Crawl Stone Soup version 0.31-a0-7-g51783674b7 (webtiles) character file.

Game seed: 16050684397527241481

3379 cheesebisquit the Fighter (level 9, -7/96 HPs)
             Began as a Grey Draconian Fire Elementalist on May 4, 2023.
             Was an Initiate of Vehumet.
             Mangled by a two-headed ogre
             ... wielding a +0 giant club
              (27 damage)
             ... on level 8 of the Dungeon on May 5, 2023.
             The game lasted 00:32:45 (9835 turns).

cheesebisquit the Fighter (DrFE)                    Turns: 9835, Time: 00:32:46

Health: -7/96      AC: 13    Str: 10    XL:     9   Next: 74%
Magic:  7/12       EV: 17    Int: 26    God:    Vehumet [......]
Gold:   577        SH:  0    Dex: 12    Spells: 11/12 levels left

rFire   . . .        d - +2 battleaxe
rCold   . . .        (shield currently unavailable)
rNeg    + . .        (body armour unavailable)
rPois   .            (helmet restricted)
rElec   .            t - +0 cloak
rCorr   .            (no gloves)
SInv    .            (no boots)
Will    .....        (no amulet)
Stlth   ++           n - ring of Lapp {Wiz Drain rN+ Int+6}
HPRegen 0.36/turn    l - +5 ring of evasion
MPRegen 0.13/turn

%: wizardry (x1)
@: very slightly contaminated, hasted, very quick
A: AC +12, amphibious, unfitting armour, cold-blooded
a: Renounce Religion


You were on level 8 of the Dungeon.
You worshipped Vehumet.
Vehumet was noncommittal.
You visited 2 branches of the dungeon, and saw 9 of its levels.
You also visited: Ossuary.

You collected 577 gold pieces.

Inventory:

Hand Weapons
 d - a +2 battleaxe (weapon)
 f - a +2 dagger
Missiles
 k - 34 poisoned darts
 p - 14 boomerangs of dispersal
Armour
 g - a +0 kite shield
 t - a +0 cloak (worn)
Jewellery
 l - a +5 ring of evasion (right hand)
 n - the ring of Lapp (left hand) {Wiz Drain rN+ Int+6}
   (You found it on level 2 of the Dungeon)

   [ring of wizardry]

   It improves your spell success rate.
   Int:       It affects your intelligence (+6).
   rN:        It protects you from negative energy.
   Drain:     It drains your maximum health when unequipped.
Wands
 A - a wand of flame (8)
Scrolls
 a - a scroll of brand weapon {unknown}
 c - a scroll of silence
 j - 3 scrolls of fog
 o - 2 scrolls of poison {unknown}
 s - a scroll of immolation
 w - a scroll of enchant armour {unknown}
 x - 2 scrolls of vulnerability {unknown}
 y - a scroll of fear
 z - 2 scrolls of butterflies {unknown}
Potions
 b - 3 potions of attraction
 e - a potion of flight
 h - a potion of resistance {unknown}
 i - 2 potions of brilliance
 q - 3 potions of lignification
 r - 2 potions of cancellation
 u - a potion of ambrosia {unknown}
 v - 3 potions of mutation


   Skills:
 + Level 14.8 Fighting
 - Level 1.7 Dodging
 - Level 1.7 Stealth
 - Level 2.0 Spellcasting
 - Level 1.0 Conjurations
 - Level 3.0 Fire Magic


You had 11 spell levels left.
You knew the following spells:

 Your Spells              Type           Power      Damage    Failure   Level
a - Foxfire               Conj/Fire      52%        2x1d6     1%          1

Your spell library contained the following spells:

 Spells                   Type           Power      Damage    Failure   Level
 Scorch                   Fire           36%        2d7       1%          2
 Blink                    Tloc           4%         N/A       6%          2
 Inner Flame              Hex/Fire       10%        N/A       7%          3
 Volatile Blastmotes      Fire/Tloc      20%        2d11      7%          3
 Tukima's Dance           Hex            2%         N/A       12%         3
 Flame Wave               Conj/Fire      13%        2d6       17%         4
 Manifold Assault         Tloc           2%         N/A       38%         4
 Passage of Golubria      Tloc           2%         N/A       38%         4
 Yara's Violent Unravell  Hex/Tmut       1%         3d3       71%         5
 Storm Form               Tmut/Air       1%         N/A       100%        7


Dungeon Overview and Level Annotations

Branches:
Dungeon (8/15)             Temple (1/1) D:7         Ossuary (visited)
   Lair: D:8-11

Altars:
Ashenzari
Cheibriados
Dithmenos
Elyvilon
Fedhas
Gozag
Hepliaklqana
Kikubaaqudgha
Makhleb
Nemelex Xobeh
Okawaru
Qazlal
Ru
Sif Muna
Trog
Uskayaw
Vehumet
Wu Jian
Xom
Yredelemnul
Zin
The Shining One


Innate Abilities, Weirdness & Mutations

Your dull iron-grey scales are very hard. (AC +12)
You are amphibious.
You cannot fit into any form of body armour.
You are cold-blooded and may be slowed by cold attacks.


Message History

The foxfire hits the two-headed ogre.
The two-headed ogre is lightly wounded.
The two-headed ogre barely misses you.
The two-headed ogre hits you with a +0 giant club.
You conjure some foxfire!
The two-headed ogre misses you.
The two-headed ogre hits you with a +0 giant club!
You slash the two-headed ogre! You tail-slap the two-headed ogre.
The two-headed ogre is heavily wounded.
The foxfire hits the two-headed ogre.
The two-headed ogre is heavily wounded.
The foxfire hits the two-headed ogre but does no damage.
The two-headed ogre is heavily wounded.
The two-headed ogre hits you with a +0 giant club!
The two-headed ogre closely misses you.
You conjure some foxfire!
The two-headed ogre barely misses you.
The two-headed ogre hits you with a +0 giant club!
You barely miss the two-headed ogre.
The two-headed ogre is heavily wounded.
The foxfire hits the two-headed ogre.
The two-headed ogre is heavily wounded.
The foxfire hits the two-headed ogre.
The two-headed ogre is heavily wounded.
The two-headed ogre hits you with a +0 giant club!!
* * * LOW HITPOINT WARNING * * *
The two-headed ogre completely misses you.
You are too injured to fight recklessly!
Casting: Foxfire (safe; 1% risk of failure)
Press: ? - help, Q - select action, (/) - cycle Dir - look around, f - activate You miscast Foxfire.
You are very lightly contaminated with residual magic.
Nothing appears to happen.
The two-headed ogre hits you with a +0 giant club.
* * * LOW HITPOINT WARNING * * *
The two-headed ogre barely misses you.
You feel yourself speed up.
Casting: Foxfire (safe; 1% risk of failure)
Press: ? - help, Q - select action, (/) - cycle Dir - look around, f - activate You conjure some foxfire!
The two-headed ogre hits you with a +0 giant club!!
You die...

##.######.######
#.#
#.............#
#.#
#......#.####.#
##.###.#.# #.#
#.#<# #.# #.#.#
#<# #.#.#
##v###.#.#
#O@.##....
......v...)....
######...####..
##.## #.# #..
###


You could see a two-headed ogre (ally target).

Vanquished Creatures
  A wraith (D:8)
  A steam dragon (D:8)
  5 black bears
  4 ice beasts
  A centaur (D:6)
  A phantom (D:7)
  An elf zombie (Ossuary)
  3 kobold brigands
  4 bullfrogs
  2 scorpions
  8 wights
  An electric eel (D:8)
  2 centaur zombies (Ossuary)
  4 hounds
  5 orc priests
  A gnoll bouda (D:3)
  6 iguanas
  2 jellies (D:5)
  5 orc wizards
  3 mummies
  6 adders
  5 gnolls
  A river rat (D:5)
  2 white imps
  A worm (D:4)
  A dart slug (D:3)
  15 orcs
  8 ball pythons
  4 endoplasms
  5 giant cockroaches
  10 goblins
  4 hobgoblins
  3 jackals (D:3)
  18 kobolds
  A quokka (D:2)
  3 bats (D:1)
  2 frilled lizards
  12 hobgoblin zombies (Ossuary)
  11 kobold zombies (Ossuary)
  6 orc zombies (Ossuary)
  7 rats
  4 rat zombies (Ossuary)
189 creatures vanquished.

Vanquished Creatures (others)
  2 orc wizards
  732 foxfires
  12 plants (D:8)
746 creatures vanquished.

Grand Total: 935 creatures vanquished

Notes
Turn   | Place    | Note
-------+----------+-------------------------------------------
     0 | D:1      | cheesebisquit the Draconian Fire Elementalist began the
                  | quest for the Orb.
     0 | D:1      | Reached XP level 1. HP: 14/14 MP: 3/3
     1 | D:1      | Found a broken altar of Ashenzari.
   111 | D:1      | Reached skill level 1 in Fighting
   176 | D:1      | Found a faded altar of an unknown god.
   248 | D:1      | Reached XP level 2. HP: 24/24 MP: 1/5
   297 | D:1      | Reached skill level 2 in Fighting
  1193 | D:2      | Reached skill level 3 in Fighting
  1247 | D:2      | Reached XP level 3. HP: 26/31 MP: 1/6
  1510 | D:2      | Identified the ring of Lapp {Wiz Drain rN+ Int+6}
  1793 | D:3      | You fall into a shaft and drop 3 floors!
  1846 | D:6      | Noticed a kobold brigand
  1875 | D:6      | Killed a kobold brigand
  1876 | D:6      | Reached skill level 4 in Fighting
  1876 | D:6      | Reached XP level 4. HP: 22/41 MP: 0/7
  1880 | D:6      | Reached skill level 5 in Fighting
  2015 | D:6      | Found a sand-covered staircase.
  2045 | Ossuary  | Entered an ossuary
  2079 | Ossuary  | Reached XP level 5. HP: 48/48 MP: 4/8
  2330 | Ossuary  | Reached skill level 6 in Fighting
  2599 | Ossuary  | Reached XP level 6. HP: 58/58 MP: 5/9
  3107 | D:6      | Reached skill level 7 in Fighting
  3350 | D:5      | Entered Level 5 of the Dungeon
  3488 | D:5      | Reached skill level 8 in Fighting
  3488 | D:5      | Your scales start taking on a dull iron-grey colour.
  3488 | D:5      | Reached XP level 7. HP: 68/68 MP: 0/10
  3510 | D:5      | Reached skill level 9 in Fighting
  3966 | D:3      | Found a shimmering altar of Xom.
  3969 | D:3      | Found a sparkling altar of Nemelex Xobeh.
  3969 | D:3      | Found a glowing silver altar of Zin.
  4012 | D:3      | Found a burning altar of Makhleb.
  4012 | D:3      | Found a broken altar of Ashenzari.
  4012 | D:3      | Found a white marble altar of Elyvilon.
  4361 | D:3      | Reached skill level 10 in Fighting
  4510 | D:3      | Reached XP level 8. HP: 62/80 MP: 6/11
  4982 | D:4      | Reached skill level 11 in Fighting
  6253 | D:5      | Found a hide-covered altar of Uskayaw.
  6255 | D:5      | Found a hazy altar of Hepliaklqana.
  6257 | D:5      | Found a basalt altar of Yredelemnul.
  6805 | D:6      | Reached skill level 12 in Fighting
  7353 | D:5      | Reached XP level 9. HP: 73/85 MP: 9/12
  7388 | D:5      | Upgraded the game from 0.31-a0-4-gefa6de2278 to
                  | 0.31-a0-7-g51783674b7
  7569 | D:6      | Reached skill level 13 in Fighting
  8171 | D:7      | Found a staircase to the Ecumenical Temple.
  8180 | Temple   | Entered the Ecumenical Temple
  8493 | Temple   | Became a worshipper of Vehumet
  8977 | D:7      | Reached skill level 14 in Fighting
  9823 | D:8      | Noticed a two-headed ogre
  9835 | D:8      | Mangled by a two-headed ogre

Illustrated notes

Levels and vault maps discovered:
D:1:      sevenhm_arrival_forest_fort_small_6, layout_loops_corners,
          hellmonk_ecumenical_altar_run_dry
D:2:      layout_rooms
D:3:      layout_basic, doesnt_xom_only_xom
D:4:      layout_rooms, chequers_decorated_corner
D:5:      layout_cave_pools, grunt_temple_overflow_diamond,
          gup_sewer_entry_bowl, chequers_avenue, st_stairs_13,
          grunt_decor_resistance, grunt_ministairs_2, corexii_checkpoint_a,
          lemuel_flame_loot_1
D:6:      minmay_recursive_quarters, layout_loops_ring,
          gup_ossuary_entry_pyramid, minmay_unpleasant_kobolds
D:7:      layout_basic, minmay_temple_entry_mist, st_stairs_14
D:8:      layout_loops_ring, serial_bayou_ford_a
Temple:   dpeg_five_rooms_temple

Skill      XL: |  1  2  3  4  5  6  7  8  9 |
---------------+----------------------------+-----
Fighting       | 1 3 4 5 6 8 10 12 14 | 14.8
Dodging        | |  1.7
Stealth        | |  1.7
Spellcasting   | |  2.0
Conjurations   | |  1.0
Fire Magic     | |  3.0

Action                     |  1- 3 |  4- 6 |  7- 9 || total
---------------------------+-------+-------+-------++-------
  Melee: Dagger            |    24 |    87 |   151 ||   262
         Tailslap          |     2 |    14 |    34 ||    50
         Unarmed           |       |     3 |    31 ||    34
         Punch             |       |       |     1 ||     1
         Battleaxe         |       |       |    76 ||    76
   Cast: Foxfire           |    56 |   119 |   263 ||   438
    Use: Scroll            |     4 |     3 |    11 ||    18
         Potion            |       |     5 |    10 ||    15
 Armour: Skin              |    16 |    73 |   239 ||   328
  Dodge: Dodged            |    36 |    90 |   326 ||   452

Table legend: (Time is in decaauts)
 A = Elapsed time spent in this place.
 B = Non-inter-level travel time spent in this place.
 C = Inter-level travel time spent in this place.
 D = Time resting spent in this place.
 E = Time spent auto-exploring this place.
 F = Levels seen in this place.
 G = Mean time per level.
                   A        B        C        D        E       F      G
               +--------+--------+--------+--------+--------+-----+--------+
         Total |   9890 |   9376 |    514 |     62 |   7682 |  10 |  989.0 |
       Dungeon |   8521 |   8111 |    410 |     62 |   6656 |   8 | 1065.1 |
        Temple |    364 |    260 |    104 |      0 |    248 |   1 |  364.0 |
       Ossuary |   1004 |   1004 |      0 |      0 |    778 |   1 | 1004.0 |
               +--------+--------+--------+--------+--------+-----+--------+

Top non-repeatable levels by time:
     D:6: 1769 daAuts
     D:4: 1256 daAuts
     D:1: 1151 daAuts
     D:5: 1130 daAuts
 Ossuary: 1004 daAuts
     D:3: 940 daAuts
     D:7: 908 daAuts
     D:8: 740 daAuts
     D:2: 624 daAuts
  Temple: 364 daAuts
